 Seeded DCSS version 0.27.1-3-gb3d3a73c9e (webtiles) character file.

Game seed: 20211023 (custom seed)

94 abrahamlauer the Skirmisher (level 4, -2/52 HPs)
             Began as a Demonspawn Fighter on Oct 27, 2021.
             Was an Initiate of Okawaru.
             Slain by an orc (3 damage)
             ... on level 3 of the Dungeon.
             The game lasted 00:15:11 (2893 turns).

abrahamlauer the Skirmisher (Demonspawn Fighter)    Turns: 2893, Time: 00:15:11

Health: -2/52      AC: 22    Str: 17    XL:     4   Next: 38%
Magic:  4/4        EV:  2    Int: 10    God:    Okawaru [......]
Gold:   140        SH:  0    Dex: 12    Spells: 3/3 levels left

rFire    . . .     SeeInvis .   q - +0 flail (protect)
rCold    . . .     Faith    .   c - +0 kite shield
rNeg     + + +     Spirit   .   (armour currently unavailable)
rPois    +         Reflect  .   (helmet currently unavailable)
rElec    .         Harm     .   (cloak currently unavailable)
rCorr    .         Rampage  .   (gloves currently unavailable)
Will     .....     NoTele   +   (boots currently unavailable)
Stlth    +.........             (no amulet)
HPRegen  0.17/turn              (no ring)
MPRegen  0.18/turn              (no ring)

@: confused, mighty, tree-form
A: stationary, stasis, torment immunity, boosted hp, (icy blue scales 1),
demonic guardian 1, magic regeneration
a: Renounce Religion


You were on level 3 of the Dungeon.
You worshipped Okawaru.
Okawaru was noncommittal.
You were a tree.
You visited 1 branch of the dungeon, and saw 3 of its levels.

You collected 140 gold pieces.

Inventory:

Hand Weapons
 q - a +0 flail of protection (weapon)
Missiles
 f - 111 stones (quivered)
 m - 15 sling bullets
Armour
 b - a +0 scale mail (melded)
 c - a +0 kite shield (worn)
 n - a +0 pair of gloves (melded)
Scrolls
 l - a scroll of teleportation {unknown}
 o - a scroll of identify {unknown}
 p - a scroll of noise {unknown}
Potions
 e - a potion of curing {unknown}
 g - a potion of lignification
 h - a potion of attraction {unknown}
 i - a potion of brilliance {unknown}
 j - a potion of heal wounds {unknown}
 k - a potion of berserk rage {unknown}


   Skills:
 + Level 3.4 Fighting
 + Level 2.5 Maces & Flails
 + Level 0.9 Throwing
 + Level 3.0 Armour
 + Level 1.1 Dodging
 + Level 0.3 Stealth
 + Level 3.2 Shields


You had 3 spell levels left.
You didn't know any spells.
Your spell library contained the following spells:

 Spells                   Type           Power      Damage    Failure   Level
 Apportation              Tloc           0%         N/A       86%         1
 Magic Dart               Conj           0%         1d3       86%         1
 Call Imp                 Summ           0%         N/A       95%         2
 Corpse Rot               Necr/Air       N/A        N/A       95%         2
 Mephitic Cloud           Conj/Pois/Air  0%         N/A       99%         3
 Dispel Undead            Necr           0%         3d6       100%        4
 Alistair's Intoxication  Tmut/Pois      0%         N/A       100%        5
 Death Channel            Necr           0%         N/A       100%        6
 Invisibility             Hex            0%         N/A       100%        6
 Borgnjor's Revivificati  Necr           0%         N/A       100%        8
 Necromutation            Tmut/Necr      0%         N/A       100%        8
 Death's Door             Necr           0%         N/A       100%        9


Dungeon Overview and Level Annotations

Branches:
Dungeon (3/15)

Altars:
Okawaru


Innate Abilities, Weirdness & Mutations

You are a tree.
Your roots penetrate the ground, keeping you stationary.
You cannot be teleported.
You are immune to unholy pain and torment.
Your maximum health is greatly increased.
Your equipment is partially melded.
((You are partially covered in icy blue scales. (AC +2)))
A weak demonic guardian rushes to your aid.
You regenerate magic rapidly.


Message History

You block the orc's attack. The orc hits you with a +0 mace.
* * * LOW HITPOINT WARNING * * *
You hear some strange, mumbled words.
A puff of flame appears from out of thin air!
The puff of flame hits you.
* * * LOW HITPOINT WARNING * * *
It was a potion of lignification.
You turn into a tree.
Your +0 pair of gloves melds into your body.
Your +0 scale mail melds into your body.
Your roots penetrate the ground.
You block the orc's attack. x2
Something hits you but does no damage.
You cannot move.
You cannot move.
Throw: 113 stones
Press: ? - help, Q - select action Shift-Dir - straight line, f - orc
Aim: an orc, wielding a +0 mace (ally target, 57% to hit)
You throw a stone. The stone hits the orc.
The orc is moderately wounded.
Your iron imp hits the orc.
The orc dies!
Okawaru accepts your kill. The orc hits you but does no damage.
You hear some strange, mumbled words.
You are confused.
The orc hits you but does no damage.
Your iron imp closely misses something.
Non-targeted confused throw: 112 stones
Press: ? - help, Q - select action Dir - look around, f - activate You throw a stone.
Something hits your iron imp. The orc hits you but does no damage.
Unknown command.
You attack the rock wall.
Something hits your iron imp.
Your iron imp barely misses something.
The orc hits you but does no damage. Something hits you.
* * * LOW HITPOINT WARNING * * *
A demonic guardian appears!
Something freezes you.
* * * LOW HITPOINT WARNING * * *
Your iron imp barely misses something.
You attack the rock wall.
The orc hits you from afar with a +0 trident.
You die...

...............##..#####.########
...............................#.
.........#.#.####..#.#.#.....#.#.
...#.......#+## #..#.#.#####.....
.......#.#....###..#.........###.
.#.#####...........#.............
.....#####....####.#.#.#########.
.#>...........####.#.............
..............o{♣................
###########...#)5..PPP..####.._..
#...##..5..............
#.).####)#............. #####
#.#............. #.#.............
..#######....... #### #.......
#........


You could see an orc (ally target), a friendly iron imp (summoned) and a
friendly shadow imp (summoned).

Vanquished Creatures
  2 worms (D:2)
  4 dart slugs
  5 orcs (D:3)
  7 endoplasms
  4 giant cockroaches
  5 goblins
  5 hobgoblins (D:2)
  10 jackals
  2 kobolds (D:1)
  2 quokkas
  4 ball pythons
  5 bats
  3 frilled lizards
  7 rats
65 creatures vanquished.

Vanquished Creatures (collateral kills)
  An orc (D:3)
  A jackal (D:2)
2 creatures vanquished.

Vanquished Creatures (others)
  A plant (D:3)
1 creature vanquished.

Grand Total: 68 creatures vanquished

Notes
Turn   | Place    | Note
-------+----------+-------------------------------------------
     0 | D:1      | abrahamlauer the Demonspawn Fighter began the quest for the
                  | Orb.
     0 | D:1      | Reached XP level 1. HP: 18/18 MP: 1/1
   124 | D:1      | Found a faded altar of an unknown god.
   204 | D:1      | Gained mutation: You are partially covered in icy blue
                  | scales. (AC +2) [demonic ancestry]
   204 | D:1      | Reached XP level 2. HP: 24/24 MP: 2/2
   591 | D:1      | Gained mutation: A weak demonic guardian rushes to your
                  | aid. [demonic ancestry]
   591 | D:1      | Reached XP level 3. HP: 28/29 MP: 3/3
  1464 | D:2      | Reached skill level 1 in Dodging
  1804 | D:2      | Gained mutation: You regenerate magic rapidly. [demonic
                  | ancestry]
  1804 | D:2      | Reached XP level 4. HP: 35/35 MP: 4/4
  2444 | D:3      | Found an iron altar of Okawaru.
  2493 | D:3      | Became a worshipper of Warmaster Okawaru
  2888 | D:3      | HP: 1/35 [something/puff of flame (2)]
  2893 | D:3      | Slain by an orc

Illustrated notes

Levels and vault maps discovered:
D:1:      dpeg_arrival_prison, layout_rooms, ebering_ecumenical_altar_abandoned,
          hangedman_decor_growths, columned_hall_lemuel
D:2:      layout_rooms
D:3:      layout_basic, mainiacjoe_overflow_boulevard, amcnicky_mini_pool_small

Skill      XL: |  1  2  3 |
---------------+----------+-----
Maces & Flails | 2 |  2.5
Shields        | 3 |  3.2
Armour         | 3 |  3.0
Dodging        | 1 |  1.1
Fighting       | |  3.4
Throwing       | |  0.9
Stealth        | |  0.3

Action                   |  1- 3 |  4- 6 || total
-------------------------+-------+-------++-------
Melee: Flail             |   171 |    42 ||   213
Throw: Stone             |    96 |    26 ||   122
  Use: Potion            |       |     2 ||     2
Armor: Scale mail        |   153 |    27 ||   180
       Skin              |       |     5 ||     5
Dodge: Dodged            |    94 |    12 ||   106
Block: Kite shield       |   107 |    29 ||   136
